 Dungeon Crawl Stone Soup version 0.19.5 (webtiles) character file.

620 SpikeYr the Destroyer (level 7, -3/36 HPs)
             Began as a Deep Elf Conjurer on Jan 1, 2018.
             Was a Follower of Vehumet.
             Slain by Edmund
             ... wielding a +2 dire flail of draining
              (5 damage)
             ... on level 6 of the Dungeon.
             The game lasted 00:46:19 (6459 turns).

SpikeYr the Destroyer (Deep Elf Conjurer)           Turns: 6459, Time: 00:46:20

Health: -3/36      AC:  3    Str:  7    XL:     7   Next: 22%
Magic:  8/12       EV: 12    Int: 20    God:    Vehumet [*.....]
Gold:   273        SH:  0    Dex: 15    Spells: 4 memorised, 3 levels left

rFire  . . .     SeeInvis .     e - +2 dagger (freeze)
rCold  . . .     Gourm    .     a - +1 robe
rNeg   . . .     Faith    .     (no shield)
rPois  +         Spirit   .     (no helmet)
rElec  .         Reflect  .     (no cloak)
rCorr  .         Harm     .     (no gloves)
MR     .....                    (no boots)
Stlth  ++........               s - amulet of rage
                                w - ring of poison resistance
                                g - ring of poison resistance

@: drained
A: low mp 1, slow regeneration 1
a: Renounce Religion, Evoke Berserk Rage


You were on level 6 of the Dungeon.
You worshipped Vehumet.
Vehumet was aware of your devotion.
You were not hungry.

You visited 1 branch of the dungeon, and saw 6 of its levels.

You collected 273 gold pieces.

Inventory:

Hand Weapons
 e - a +2 dagger of freezing (weapon)
 A - a +0 hunting sling
Missiles
 p - 2 throwing nets (quivered)
 B - 40 stones
Armour
 a - a +1 robe (worn)
Jewellery
 g - a ring of poison resistance (left hand)
 i - an uncursed ring of teleportation
 s - an amulet of rage (around neck)
 w - a ring of poison resistance (right hand)
Wands
 c - a wand of disintegration (14/24)
 d - a wand of iceblast (10/15)
 h - a wand of disintegration (16/24)
 y - a wand of polymorph (10/24)
Scrolls
 m - 2 scrolls of teleportation
 n - 5 scrolls of identify
 q - a scroll of fog
 r - a scroll of recharging
 u - a scroll of blinking
 z - 2 scrolls of noise
Potions
 f - a potion of might {unknown}
 j - 2 potions of cure mutation {unknown}
 k - 2 potions of brilliance {unknown}
 l - 3 potions of heal wounds {unknown}
 o - 3 potions of curing {unknown}
 x - 2 potions of degeneration {unknown}
Books
 b - a book of Conjurations

   Spells                             Type                      Level
   a - Magic Dart                     Conjuration                  1
   b - Searing Ray                    Conjuration                  2
   c - Dazzling Spray                 Conjuration/Hexes            3
   d - Fulminant Prism                Conjuration/Hexes            4
   e - Iskenderun's Mystic Blast      Conjuration                  4
   f - Iskenderun's Battlesphere      Conjuration/Charms           5
Comestibles
 t - a slice of pizza
 v - a beef jerky
 C - 2 fruits
 D - a chunk of flesh


   Skills:
 - Level 2.4(1.4) Dodging
 - Level 2.4(1.4) Stealth
 - Level 3.0(1.9) Spellcasting
 + Level 8.6(7.4) Conjurations
 + Level 5.6(4.5) Charms


You had 3 spell levels left.
You knew the following spells:

 Your Spells              Type           Power        Failure   Level  Hunger
a - Magic Dart            Conj           ####         1%          1    #......
b - Searing Ray           Conj           ####..       1%          2    ###....
c - Iskenderun's Battles  Conj/Chrm      ####....     45%         5    ######.
d - Flame Tongue          Conj/Fire      ###..        3%          1    #......


Dungeon Overview and Level Annotations

Branches:
Dungeon (6/15)             Temple (0/1) D:6

Altars:
Dithmenos
Hepliaklqana
Kikubaaqudgha
Ru
Uskayaw
Vehumet
Zin

Annotations:
D:6 Edmund


Innate Abilities, Weirdness & Mutations

Your magical capacity is low. (-10% MP)
You regenerate slowly when monsters are visible.


Message History

You are very lightly contaminated with residual magic.
Your skin tingles.
Edmund says, "You wouldn't believe how much I paid for this flail."
Edmund gestures with his flail.
Edmund says, "People accused me of being a cutpurse!"
Found 6 gold pieces.
You see here 6 gold pieces.
Edmund says, "A flail is better than a scythe, any day of the week!"
Your magical contamination has completely faded away.
Casting: Iskenderun's Battlesphere
Confirm with . or Enter, or press ? or * to list all spells.
Aiming: Magic Dart
Press: ? - help, Shift-Dir - straight line, f/p - Edmund
Aim: Edmund, wielding a dire flail of draining and wearing a ring mail (severely wounded)
The magic dart hits Edmund.
Edmund is severely wounded.
Edmund hits you with a dire flail of draining!
* * * LOW HITPOINT WARNING * * *
You feel drained.
You die...

#### #################
...###..........@@...#
............########.#
........_...# #.#
...........## #.#
............# #.#
..........#.# #.#
.......####.# #.#
.......# #.# #$#
##.....####.# #.#


You could see Edmund.

Vanquished Creatures
  A sky beast (D:5)
  A phantom (D:4)
  A scorpion (D:6)
  A crimson imp (D:3)
  2 jellies
  A hound (D:4)
  An iguana (D:4)
  A worker ant (D:4)
  A gnoll (D:1)
  9 adders
  3 oozes
  3 adder skeletons
  A worm (D:4)
  2 dart slugs
  4 leopard geckos
  6 orcs
  6 bats
  4 giant cockroaches
  7 goblins
  7 hobgoblins
  6 jackals
  3 quokkas
  7 frilled lizards
  5 kobolds
  A leopard gecko skeleton (D:4)
  A quokka zombie (D:5)
  10 rats
95 creatures vanquished.

Notes
Turn   | Place    | Note
-------+----------+-------------------------------------------
     0 | D:1      | SpikeYr the Deep Elf Conjurer began the quest for the Orb.
     0 | D:1      | Reached XP level 1. HP: 10/10 MP: 6/6
    71 | D:1      | Reached skill level 5 in Conjurations
    71 | D:1      | Reached XP level 2. HP: 9/15 MP: 0/8
   518 | D:1      | Reached XP level 3. HP: 19/19 MP: 5/9
   767 | D:1      | Learned a level 2 spell: Searing Ray
  1184 | D:2      | Reached skill level 6 in Conjurations
  1314 | D:2      | Found a faded altar of an unknown god.
  1314 | D:2      | Found a sacrificial altar of Ru.
  1320 | D:2      | Found a radiant altar of Vehumet.
  1322 | D:2      | Found a faded altar of an unknown god.
  1323 | D:2      | Found an ancient bone altar of Kikubaaqudgha.
  1331 | D:2      | Became a worshipper of Vehumet
  1410 | D:2      | Reached XP level 4. HP: 24/24 MP: 5/10
  1692 | D:2      | Found a shadowy altar of Dithmenos.
  2215 | D:3      | Reached skill level 7 in Conjurations
  2215 | D:3      | Reached XP level 5. HP: 28/28 MP: 2/11
  2225 | D:3      | Learned a level 5 spell: Iskenderun's Battlesphere
  2483 | D:3      | Reached * piety under Vehumet
  2483 | D:3      | Offered knowledge of Flame Tongue by Vehumet.
  2491 | D:3      | Learned a level 1 spell: Flame Tongue
  3250 | D:3      | Reached skill level 1 in Charms
  3279 | D:3      | Gained mutation: You regenerate slowly when monsters are visible. [mutagenic glow]
  3334 | D:3      | Gained mutation: Your magical capacity is low. (-10% MP) [mutagenic glow]
  3633 | D:4      | Noticed a phantom
  3881 | D:4      | Killed a phantom
  3881 | D:4      | Reached XP level 6. HP: 18/32 MP: 3/11
  4347 | D:4      | Found a hazy altar of Hepliaklqana.
  4424 | D:4      | Found a glowing silver altar of Zin.
  5110 | D:5      | Entered Level 5 of the Dungeon
  5245 | D:5      | Reached skill level 8 in Conjurations
  5464 | D:5      | Noticed a sky beast
  5514 | D:5      | Killed a sky beast
  5514 | D:5      | Reached skill level 5 in Charms
  5514 | D:5      | Reached XP level 7. HP: 36/36 MP: 3/12
  6244 | D:6      | Found a hide-covered altar of Uskayaw.
  6309 | D:6      | Noticed Edmund
  6312 | D:6      | Found a staircase to the Ecumenical Temple.
  6459 | D:6      | Slain by Edmund

Skill      XL: |  1  2  3  4  5  6 |
---------------+-------------------+-----
Conjurations   | 5 6 7 8 |  8.6
Charms         | 3 5 |  5.6
Dodging        | |  2.4
Stealth        | |  2.4
Spellcasting   | |  3.0

Action                   |  1- 3 |  4- 6 |  7- 9 || total
-------------------------+-------+-------+-------++-------
Melee: Dagger            |    17 |    27 |     1 ||    45
 Cast: Magic Dart        |    57 |   143 |    29 ||   229
       Searing Ray       |     2 |     8 |       ||    10
       Iskenderun's Batt |       |    14 |     3 ||    17
       Flame Tongue      |       |     4 |       ||     4
 Abil: Evoke Berserk Rag |     1 |       |       ||     1
  Use: Scroll            |       |    12 |       ||    12
 Stab: Sleeping          |     1 |       |       ||     1
  Eat: Chunk             |     2 |     6 |       ||     8
       Meat ration       |       |     1 |       ||     1
       Fruit             |       |     4 |       ||     4
       Beef jerky        |       |     2 |       ||     2
       Bread ration      |       |     2 |     1 ||     3
       Pizza             |       |     1 |       ||     1
Armor: Robe              |     6 |     9 |     1 ||    16
Dodge: Dodged            |    20 |    28 |     4 ||    52
